[Event "*** Titled Tuesday Blitz"]
[Site "Chess.com"]
[Date "2020.12.01"]
[Round "11"]
[White "Luklei18"]
[Black "Mambastik-Fantastic"]
[Result "1-0"]
[WhiteElo "2441"]
[BlackElo "2326"]
[TimeControl "180+1"]
[EndTime "12:06:04 PST"]
[Termination "Luklei18 won on time"]

1. c4 Nf6 2. Nc3 d6 3. d4 g6 4. e4 Bg7 5. Nf3 Nbd7 6. Be2 O-O 7. O-O e5 8. d5 Nh5 9. Re1 Nf4 10. Bf1 f5 11. b4 a5 12. Ba3 axb4 13. Bxb4 b6 14.
a4 Nc5 15. Bxc5 bxc5 16. g3 fxe4 17. Nxe4 Nh3+ 18. Kh1 Bg4 19. Bg2 Qd7 20. a5 Qf5 21.
Ra3 Qxe4 22. Rxe4 Nxf2+ 23. Kg1 Nxd1 24. Rxg4 Bh6 25. Re4 Nb2 26. Bh3 Rfb8 27. Bd7 Rb4 28. Bb5 Nd1 29. a6 Rb1 30. Kg2 Rc1 31. Re2 Nc3 32. Rb2 Ra7 33. Bc6 Nd1 34. Rb7 Rc2+ 35. Kg1 Rxa6 36. Rxa6 Be3+ 37. Kh1 Nf2+ 38. Kg2 e4 39.
Rxc7 exf3+ 40. Kxf3 Bh6 41. Ra8+ Bf8 42. Rcc8 1-0

[Event "*** Titled Tuesday Blitz"]
[Site "Chess.com"]
[Date "2020.12.01"]
[Round "11"]
[White "Kislov_Oleg"]
[Black "natelleka"]
[Result "0-1"]
[WhiteElo "2346"]
[BlackElo "2211"]
[TimeControl "180+1"]
[EndTime "12:06:04 PST"]
[Termination "natelleka won by resignation"]

1. e4 e5 2. Nf3 Nf6 3. Nxe5 Nxe4 4. Qe2 Qe7 5. Qxe4 d6 6. d4 dxe5 7. dxe5 Nc6 8. Nc3 Qxe5 9. Qxe5+ Nxe5 10. Bf4 Bd6 11.
Bg3 O-O 12. Ne4 Bf5 13. Nxd6 cxd6 14. O-O-O Rac8 15. c3 Rfd8 16. Be2 f6 17. Rd2 Kf7 18. Rhd1 Ke7 19. Rd4 Rc5 20. h3 a6 21. Bh2 b5 22. g4 Bg6 23. f4 Nc6 24. Rd5 Be4 25. R5d2 b4 26. c4 b3 27. a3 Na5 28. Rd4 Bc2 29. Re1 Nc6 30. Rd2 Kf7 31. Bf3 Ne7 32.
Rde2 Rd7 33. f5 Rxc4 34. Rxe7+ Rxe7 35. Bd5+ Kf8 36. Rxe7 Rd4 37. Bf3 Kxe7 38. Bg3 Rd3 0-1

[Event "*** Titled Tuesday Blitz"]
[Site "Chess.com"]
[Date "2020.12.01"]
[Round "11"]
[White "suyu28"]
[Black "sergiochess83"]
[Result "1/2-1/2"]
[WhiteElo "2666"]
[BlackElo "2800"]
[TimeControl "180+1"]
[EndTime "12:06:07 PST"]
[Termination "Game drawn by repetition"]

1. d4 Nf6 2. Bf4 c5 3. d5 d6 4. c4 e5 5. dxe6 Bxe6 6. e3 d5 7. cxd5 Nxd5 8. Bg3 Nc6 9. Nf3 Be7 10. Nc3 Nxc3 11.
bxc3 Bf6 12. Qc2 Qa5 13. Rc1 Qxa2 14. Bb5 Qxc2 15. Rxc2 Bd5 16. O-O a6 17. Bd3 c4 18.
Be2 Be4 19. Rcc1 Na5 20. Nd2 Bd3 21. Bxd3 cxd3 22. Ne4 Nc4 23. Nc5 O-O-O 24. Rfd1 d2 25. Rb1 b6 26. Rb4 bxc5 27. Rxc4 Be7 28. Ra4 Rd3 29. Rxa6 Kb7 30. Ra2 Ra8 31. Rb2+ Kc6 32. Kf1 Bf6 33. Rbxd2 Rxd2 34. Rxd2 Bxc3 35. Rc2 Bb4 36.
e4 Kb5 37. Bd6 Ra3 38. Ke2 c4 39. Be5 g6 40. Bd4 Bc5 41. Bc3 Rb3 42. f4 Bb4 43. Bd4 Rd3 44. Be3 Rc3 45. Rb2 Rb3 46. Rc2 Rc3 47. Rb2 Rb3 48. Rc2 Rc3 1/2-1/2

[Event "*** Titled Tuesday Blitz"]
[Site "Chess.com"]
[Date "2020.12.01"]
[Round "11"]
[White "Chessalary"]
[Black "Srisshhhtea"]
[Result "0-1"]
[WhiteElo "2385"]
[BlackElo "2284"]
[TimeControl "180+1"]
[EndTime "12:06:07 PST"]
[Termination "Srisshhhtea won by resignation"]

1. e4 e5 2. Nf3 Nc6 3. Bc4 Nf6 4. d3 Be7 5. O-O O-O 6. h3 d6 7. c3 Na5 8. Bb5 a6 9. Ba4 b5 10. Bc2 c5 11. d4 Qc7 12. dxe5 dxe5 13. Nbd2 Be6 14.
Qe2 Rfd8 15. Re1 h6 16. Nf1 c4 17. Ng3 Nb7 18. Nh4 Nc5 19. Nhf5 Bf8 20. Nh5 Nxh5 21.
Qxh5 Kh7 22. Qh4 Nd3 23. Bxd3 Rxd3 24. Be3 Qd8 25. Qg3 Qf6 26. Nh4 g5 27. Nf3 Bg7 28.
Re2 Rad8 29. Bb6 R8d7 30. Re3 Qf4 31. Qxf4 gxf4 32. Rxd3 Rxd3 33. Kh2 f6 34. a4 Bd7 35. axb5 Bxb5 36. Re1 Bf8 37. Re2 Rd1 38. Nh4 Ba4 39. Nf5 Bb3 40. g3 f3 41. Re3 Rd2 42.
Rxf3 Bd1 43. Re3 Rxf2+ 44. Kg1 Rxb2 45. Bd8 Bc5 0-1

[Event "*** Titled Tuesday Blitz"]
[Site "Chess.com"]
[Date "2020.12.01"]
[Round "11"]
[White "SantoBlue"]
[Black "ftorodent"]
[Result "1-0"]
[WhiteElo "2900"]
[BlackElo "2666"]
[TimeControl "180+1"]
[EndTime "12:06:08 PST"]
[Termination "SantoBlue won on time"]

1. e4 e6 2. d4 d5 3. Nd2 c5 4. exd5 exd5 5. Ngf3 Nc6 6. Bb5 Bd6 7. dxc5 Bxc5 8. O-O Ne7 9. Nb3 Bd6 10. h3 O-O 11. Bd3 h6 12. c3 Bf5 13. Bxf5 Nxf5 14. Re1 Qd7 15. Qd3 Rad8 16. Bd2 Rfe8 17. Rad1 Nfe7 18.
Nbd4 Ng6 19. Bc1 Nxd4 20. Nxd4 Bb8 21. Qf5 Qd6 22. g3 a6 23. Rxe8+ Rxe8 24. Nf3 Ba7 25. Kf1 Qb6 26. Nd4 Qd6 27. Be3 Ne5 28. Nc2 Bxe3 29. Nxe3 Qb6 30. Rxd5 Nc6 31. Nc4 Qc7 32.
Rd7 Ne7 33. Qxf7+ Kxf7 34. Rxc7 Rd8 35. Rxb7 Rd1+ 36. Ke2 Ra1 37. a3 Ke6 38. Rb6+ Kd5 39. Ne3+ Kc5 40. Rxa6 Ra2 41. Nd1 Nc6 42. Kd3 Ne5+ 43. Kc2 Ra1 44. Ra5+ Kd6 45. Ra4 Kd5 46. Rd4+ Ke6 47. a4 Nc6 48. Rg4 g5 49. Ne3 Re1 50.
Re4+ Kd7 51. Kd2 Rb1 52. Nc4 Ra1 53. Ne5+ Nxe5 54. Rxe5 Rxa4 55. Re1 Ra2 56. Rb1 Kd6 57. Ke3 1-0

[Event "*** Titled Tuesday Blitz"]
[Site "Chess.com"]
[Date "2020.12.01"]
[Round "11"]
[White "Slovak_fighter2000"]
[Black "LPSupi"]
[Result "1-0"]
[WhiteElo "2594"]
[BlackElo "2863"]
[TimeControl "180+1"]
[EndTime "12:06:08 PST"]
[Termination "Slovak_fighter2000 won on time"]

1. d4 Nf6 2. Nf3 d5 3. c4 e6 4. Nc3 Bb4 5. Bg5 h6 6. Bxf6 Qxf6 7. e3 O-O 8. Bd3 dxc4 9. Bxc4 b6 10. O-O Bxc3 11. bxc3 Bb7 12. Ne5 Qg5 13. g3 Nc6 14. h4 Qe7 15. Nxc6 Bxc6 16. Be2 Rac8 17. Bf3 Bd7 18.
Kg2 c5 19. a4 Rc7 20. a5 b5 21.
a6 Rfc8 22. Qb1 Rb8 23. Qe4 Bc6 24. Qf4 Rb6 25. Bxc6 Rcxc6 26. Rfb1 cxd4 27. cxd4 b4 28. Qe5 Qd7 29. Rb3 Rc4 30. Qe4 Qb5 31. Qa8+ Kh7 32. Qe4+ Kg8 33. Qa8+ Rb8 34. Qxa7 Qd5+ 35. Kg1 Rbc8 36.
Rbb1 b3 37. Qb7 Qf5 38. Qxb3 Rc2 39. Rf1 R8c3 40. Qb8+ Kh7 41. Qf4 Qh3 42. a7 Rb3 43. a8=Q 1-0

[Event "*** Titled Tuesday Blitz"]
[Site "Chess.com"]
[Date "2020.12.01"]
[Round "11"]
[White "FontVella8"]
[Black "dosto07"]
[Result "0-1"]
[WhiteElo "2461"]
[BlackElo "2315"]
[TimeControl "180+1"]
[EndTime "12:06:09 PST"]
[Termination "dosto07 won by checkmate"]

1. d4 d5 2. Bf4 Nf6 3. e3 c5 4.
Nf3 Nc6 5. c3 cxd4 6. exd4 Bg4 7.
Nbd2 e6 8. Qb3 Qc8 9. Bb5 a6 10.
Bxc6+ Qxc6 11. Ne5 Qc8 12. Nxg4 Nxg4 13. Nf3 Be7 14. h3 Nf6 15. O-O O-O 16. Rfe1 Ne4 17. Rac1 Bd6 18. Bxd6 Nxd6 19. Qc2 h6 20. Qd3 Qc4 21.
Qxc4 Nxc4 22. Re2 b5 23. Ne5 Rfc8 24. Nd7 Rc7 25. Nc5 a5 26. f4 g6 27. g4 Kg7 28.
Rf1 b4 29. f5 gxf5 30. gxf5 e5 31. Kh2 e4 32. f6+ Kh7 33. Rg1 Rg8 34. Rxg8 Kxg8 35. Rg2+ Kf8 36. Rg7 Rc6 37. Rh7 Rxf6 38.
Nd7+ Ke7 39. Nxf6 Kxf6 40. Rxh6+ Kg5 41. Rh7 bxc3 42. bxc3 f5 43. Rd7 e3 44. Kg2 Nd2 45.
Rxd5 Ne4 46. Re5 Kf4 47. Kf1 Nxc3 48. Rxa5 Ke4 49. h4 f4 50. Ra8 Kxd4 51. Re8 f3 52. h5 f2 53. h6 Ne4 54. h7 Nd2+ 55. Ke2 f1=Q# 0-1

[Event "*** Titled Tuesday Blitz"]
[Site "Chess.com"]
[Date "2020.12.01"]
[Round "11"]
[White "mjray79"]
[Black "MarceloPlaya"]
[Result "1-0"]
[WhiteElo "2425"]
[BlackElo "2275"]
[TimeControl "180+1"]
[EndTime "12:06:11 PST"]
[Termination "mjray79 won on time"]

1. d4 e6 2. c4 Nf6 3. g3 Bb4+ 4. Bd2 Bxd2+ 5. Qxd2 O-O 6. Bg2 d5 7. Nf3 Qe7 8. O-O Rd8 9. Na3 Nc6 10. Rac1 Bd7 11. Rfd1 Be8 12. Ne5 Rac8 13. Qc2 Nb8 14. cxd5 exd5 15.
Nb1 c5 16. Nd3 c4 17. Ne5 Nc6 18. Nxc6 Bxc6 19. Nc3 b5 20. Re1 b4 21. Nd1 a5 22.
Ne3 Re8 23. Nf5 Qc7 24. Qd2 Ne4 25. Bxe4 Rxe4 26. f3 Ree8 27. e4 dxe4 28. d5 Bb5 29. fxe4 c3 30. bxc3 bxc3 31. Qd4 Qe5 32. Qxe5 Rxe5 33.
Nd6 Rc5 34. Rb1 Be8 35. Rb8 Kf8 36. Rc1 Rc7 37. Kf2 g6 38. Ke3 f5 39. Kd4 Ree7 40. e5 Rcd7 41. Rxc3 g5 42. Rcc8 Rxd6 43. exd6 Re4+ 44.
Kd3 Kf7 45. Rb7+ Kf6 46. d7 Bxd7 47. Rxd7 Ra4 48. Rxh7 Rxa2 49. Rc6+ Ke5 50. d6 Ra1 51. d7 Rd1+ 52. Kc2 1-0

[Event "*** Titled Tuesday Blitz"]
[Site "Chess.com"]
[Date "2020.12.01"]
[Round "11"]
[White "CakeinSpace2002"]
[Black "ehrenfeld"]
[Result "0-1"]
[WhiteElo "2376"]
[BlackElo "2493"]
[TimeControl "180+1"]
[EndTime "12:06:12 PST"]
[Termination "ehrenfeld won by checkmate"]

1. d4 Nf6 2. c4 e6 3. Nc3 Bb4 4.
e3 b6 5. Ne2 Ba6 6. a3 Bxc3+ 7.
Nxc3 d5 8. cxd5 Bxf1 9. Kxf1 Nxd5 10. Qg4 O-O 11. e4 f5 12. exf5 Rxf5 13. Bh6 Qf6 14. Nxd5 Rxf2+ 15. Kg1 exd5 16. Qc8+ Qf8 17. Qe6+ Kh8 18.
Be3 Rf5 19. g4 Rf6 20. Qxd5 Nc6 21. Kg2 Rd8 22. Qe4 Nxd4 23. Bxd4 Rf4 24. Rhf1 Rxe4 25. Rxf8+ Rxf8 26. Bc3 Kg8 27. Rd1 Re7 28. h3 c5 29. Kg3 Kf7 30. h4 Rfe8 31. g5 g6 32.
Rf1+ Ke6 33. Rd1 Kf5 34. Rf1+ Ke4 35. Bf6 Re6 36. Rf4+ Kd3 37. Ra4 Re3+ 38. Kg2 a5 39. b4 R8e4 40. Kf2 Rc4 41. Bd8 cxb4 42. axb4 Re2+ 43.
Kf1 Rc1# 0-1

[Event "*** Titled Tuesday Blitz"]
[Site "Chess.com"]
[Date "2020.12.01"]
[Round "11"]
[White "Vojtap"]
[Black "c_r_e_e_p_e_r"]
[Result "0-1"]
[WhiteElo "2123"]
[BlackElo "2286"]
[TimeControl "180+1"]
[EndTime "12:06:12 PST"]
[Termination "c_r_e_e_p_e_r won on time"]

1. e4 c5 2. Nf3 e6 3. d4 cxd4 4.
Nxd4 a6 5. Nc3 Qc7 6. Be2 Nf6 7. O-O Nc6 8. Be3 d6 9. f4 Be7 10. a4 Bd7 11. Nb3 b6 12. Kh1 Bc8 13. Qe1 Bb7 14. Qg3 Nb4 15. Rac1 Nxe4 16. Nxe4 Bxe4 17. Qxg7 O-O-O 18. Qd4 d5 19. c3 Bc5 20. Qd2 Nc6 21. Bxa6+ Kb8 22. Nxc5 bxc5 23. Bxc5 Rhg8 24. Rf2 Rg4 25. b4 Rdg8 26. Bf1 Na5 27. Re1 Nc4 28. Bxc4 Rxg2 29. Rxg2 Rxg2 30. Qxg2 Bxg2+ 31. Kxg2 dxc4 32. Rd1 Qc6+ 33. Kg3 Qxa4 34. Rd8+ Kc7 35. Rf8 Qd7 36. Bd4 Qe7 37. Ra8 Kc6 38. Ra6+ Kd5 39.
Kf3 Qb7 40. Ra7 Qc6 41. Ra5+ Kd6+ 42. Kg3 Qe4 43. Re5 Qd3+ 44. Re3 Qg6+ 45. Kh3 Qh5+ 46. Kg3 Qf5 47. Re5 Qd3+ 48. Re3 Qg6+ 49. Kf2 Qf5 50.
Kg3 h5 0-1

[Event "*** Titled Tuesday Blitz"]
[Site "Chess.com"]
[Date "2020.12.01"]
[Round "11"]
[White "BJthechessgod"]
[Black "Kolle05"]
[Result "1-0"]
[WhiteElo "2303"]
[BlackElo "2414"]
[TimeControl "180+1"]
[EndTime "12:06:13 PST"]
[Termination "BJthechessgod won on time"]

1. e4 c5 2. Nf3 d6 3. Bb5+ Nd7 4. Ba4 Nf6 5. O-O g6 6. Re1 Bg7 7. c3 e5 8. d4 O-O 9. Bg5 Qc7 10.
Nbd2 a6 11. Qe2 b5 12. Bc2 Bb7 13. Rac1 Rfe8 14. d5 c4 15. h3 a5 16. a4 Ba6 17.
axb5 Bxb5 18. Bb3 cxb3 19. Qxb5 Nc5 20. Ra1 a4 21. Qe2 Reb8 22. Bxf6 Bxf6 23. Nc4 Rc8 24.
Nfd2 Bg5 25. Ra3 Bxd2 26. Nxd2 f5 27. Rea1 f4 28. Nf3 h6 29. Nh4 Kh7 30. Qg4 Qf7 31. Qf3 Qf6 32. g3 Rf8 33. Qe2 fxg3 34. fxg3 Nxe4 35.
Qxe4 Qf2+ 36. Kh1 Qxg3 37. Ng2 Qxh3+ 38. Kg1 Rf5 39. Rf1 Rg5 40. Rf2 Qg4 41. Qe3 Kg8 42.
Ra1 Rf8 43. Raf1 1-0

[Event "*** Titled Tuesday Blitz"]
[Site "Chess.com"]
[Date "2020.12.01"]
[Round "11"]
[White "arjwezhrtdrz"]
[Black "midedu"]
[Result "1-0"]
[WhiteElo "2322"]
[BlackElo "2119"]
[TimeControl "180+1"]
[EndTime "12:06:13 PST"]
[Termination "arjwezhrtdrz won on time"]

1. e4 c5 2. c3 Nc6 3. Nf3 d5 4.
exd5 Qxd5 5. d4 Nf6 6. Be2 cxd4 7.
cxd4 e6 8. O-O Be7 9. Nc3 Qd8 10. Be3 O-O 11. Qb3 Nb4 12. Rfd1 Nbd5 13. Bc4 Nxe3 14. fxe3 b6 15. d5 exd5 16. Nxd5 Bc5 17. h3 Bb7 18. Rd3 Rc8 19. Rad1 Bxd5 20. Bxd5 Qe7 21. Kh1 h6 22. g4 Kh8 23. Kg2 a5 24. a4 Rcd8 25.
Qc4 Nxd5 26. Rxd5 Rxd5 27. Qxd5 Qxe3 28. Qd2 Qe4 29. b3 Kg8 30. Qd3 Qe6 31. Re1 Qc6 32.
Qe4 Qxe4 33. Rxe4 Rd8 34. g5 h5 35. g6 fxg6 36. Nh4 Kh7 37. Re6 g5 38. Nf5 Rd2+ 39. Kf3 Rd3+ 40. Ke4 Rxh3 41. Rc6 g4 42. Rc7 Rxb3 43.
Rxg7+ Kh8 44. Rg5 Rh3 45. Rg6 Kh7 46. Rh6+ Kg8 47. Rc6 Kf7 48. Nh6+ Ke7 49. Nf5+ Kd7 50. Rh6 Kc7 51. Kd5 Rd3+ 52. Ke4 Rh3 53. Kd5 Rd3+ 54.
Kc4 Ra3 55. Kb5 Rb3+ 56. Kc4 Rb4+ 57. Kd5 Rxa4 58. Rxh5 Rb4 59. Rh7+ 1-0

[Event "*** Titled Tuesday Blitz"]
[Site "Chess.com"]
[Date "2020.12.01"]
[Round "11"]
[White "ChessteacherPalmS"]
[Black "enriquebutti"]
[Result "0-1"]
[WhiteElo "2304"]
[BlackElo "2086"]
[TimeControl "180+1"]
[EndTime "12:06:13 PST"]
[Termination "enriquebutti won on time"]

1. d4 Nf6 2. c4 e6 3. Nf3 b6 4. g3 Ba6 5. b3 Bb4+ 6. Bd2 Be7 7.
Bg2 c6 8. Bc3 d5 9. Nbd2 O-O 10.
a4 Ne4 11. Nxe4 dxe4 12. Nd2 f5 13. e3 c5 14. a5 Bb7 15. O-O cxd4 16. Bxd4 Bf6 17.
Bxf6 Qxf6 18. axb6 axb6 19. Rxa8 Bxa8 20. Qa1 Qd8 21.
Rd1 Nd7 22. Nb1 Qc7 23. Nc3 Ne5 24. Nb5 Qc5 25. Qd4 Nf3+ 26. Bxf3 exf3 27. Qxc5 bxc5 28.
Nc7 e5 29. Ne6 Rc8 30. Rd8+ Rxd8 31. Nxd8 Kf8 32. Ne6+ Ke7 33. Nxc5 Kd6 34. Na4 Bc6 35.
Kf1 Be4 36. Nc3 Bc2 37. b4 Bd3+ 38. Ke1 Bxc4 39. Kd2 e4 40. Na4 Bb5 41. Nc5 Kd5 42. Kc3 g5 43. Nb3 f4 44. gxf4 gxf4 45. exf4 e3 46.
fxe3 f2 47. Nd2 f1=Q 48. Nxf1 Bxf1 49. Kd2 Ke4 50. h4 Bb5 51. h5 h6 52. Ke1 Kxe3 53.
f5 Be8 54. f6 Kd4 0-1

[Event "*** Titled Tuesday Blitz"]
[Site "Chess.com"]
[Date "2020.12.01"]
[Round "11"]
[White "AlexSuv"]
[Black "profofchess"]
[Result "1-0"]
[WhiteElo "2560"]
[BlackElo "2435"]
[TimeControl "180+1"]
[EndTime "12:06:14 PST"]
[Termination "AlexSuv won on time"]

1. d4 Nf6 2. Nf3 e6 3. Bg5 Be7 4. Nbd2 c5 5. e3 b6 6. c3 Bb7 7. Bd3 cxd4 8. exd4 O-O 9. O-O d6 10. Qe2 Nbd7 11. Rfe1 Re8 12. h3 a6 13. a4 Nf8 14.
Bxf6 Bxf6 15. Ne4 Be7 16. Ng3 Ng6 17. Be4 Qc7 18. Bxb7 Qxb7 19. Ne4 b5 20. axb5 axb5 21. Ned2 h6 22. g3 Ra6 23. h4 Rea8 24. Rxa6 Rxa6 25. h5 Nf8 26. Qe4 Qxe4 27. Nxe4 Ra2 28. Rb1 Nd7 29.
Ne1 d5 30. Nd2 Nb6 31. Nd3 Nc4 32. Nxc4 dxc4 33. Ne5 Bd6 34. Ng4 Kf8 35. Ne3 Ke7 36. b3 cxb3 37. Rxb3 Ra5 38. Kg2 Kd7 39. f4 Kc6 40.
Kf3 Ra1 41. c4 bxc4 42. Nxc4 Bc7 43. Ne3 Rc1 44. Ng4 Kd7 45. Rd3 Rc2 46. Ne3 Ra2 47. d5 exd5 48. Nxd5 Bd6 49. Nb6+ Kc6 50. Nc4 Bc7 51. Ne3 Ra4 52. Nf5 g6 53. hxg6 fxg6 54. Nxh6 Ra1 55. Nf7 Rf1+ 56. Kg4 Rg1 57. Kg5 Kc5 58.
Rf3 Kd4 59. Kxg6 Ke4 60. Ng5+ Kd4 61. Kf5 Ra1 62. Ne6+ 1-0

[Event "*** Titled Tuesday Blitz"]
[Site "Chess.com"]
[Date "2020.12.01"]
[Round "11"]
[White "26andrej26"]
[Black "SlavenPastar"]
[Result "1-0"]
[WhiteElo "2499"]
[BlackElo "2497"]
[TimeControl "180+1"]
[EndTime "12:06:14 PST"]
[Termination "26andrej26 won by resignation"]

1. e4 b6 2. d4 Bb7 3. Bd3 Nf6 4.
Nd2 e6 5. Ne2 c5 6. c3 d6 7. O-O Be7 8. Bb5+ Nbd7 9. e5 Nd5 10.
Ne4 Nc7 11. exd6 Nxb5 12. dxe7 Qxe7 13. Qa4 Bxe4 14. Qxb5 a6 15. Qa4 O-O 16. Ng3 Bd3 17. Re1 c4 18. Qd1 Nf6 19. Qf3 Qd7 20. Bg5 Nd5 21. Nh5 Bg6 22. Ng3 b5 23. a3 a5 24. h4 Ra6 25. h5 Bd3 26. h6 g6 27.
Bf6 Bf5 28. Bg5 Rc6 29. Bd2 f6 30. Re2 Bd3 31. Re3 Bf5 32. Rae1 Ne7 33. Nxf5 Nxf5 34. R3e2 Nh4 35. Qh3 Nf5 36. Qf3 Qf7 37. g4 Ne7 38. Qg2 Rd6 39. Bf4 Rd5 40. Rxe6 g5 41. Rxe7 Qg6 42. Qxd5+ Kh8 43. Bg3 Qxh6 44. Qh1 Qg6 45. Qe4 Qh6 46. Re8 1-0

[Event "*** Titled Tuesday Blitz"]
[Site "Chess.com"]
[Date "2020.12.01"]
[Round "11"]
[White "marciojor"]
[Black "parintele_chess"]
[Result "1-0"]
[WhiteElo "2269"]
[BlackElo "2189"]
[TimeControl "180+1"]
[EndTime "12:06:14 PST"]
[Termination "marciojor won by resignation"]

1. e4 c5 2. Nf3 Nc6 3. d4 cxd4 4. Nxd4 Nf6 5. Nc3 h5 6. h3 e5 7. Ndb5 d6 8. Bg5 a6 9. Na3 b5 10. Nd5 Qa5+ 11. c3 Nxd5 12. exd5 Ne7 13. Be2 Bb7 14.
O-O Nxd5 15. Bf3 Nxc3 16. bxc3 e4 17. Re1 Qxa3 18. Bxe4 Bxe4 19. Rxe4+ Kd7 20. Qd5 Rc8 21. Qxf7+ Kc6 22. Qa7 d5 23. Re6+ Bd6 24. Be3 Rc7 25. Qb6+ Kd7 26. Rg6 Qxc3 27. Rd1 Qc6 28. Rxg7+ Kc8 29.
Rxc7+ Qxc7 30. Qxa6+ Qb7 31. Rc1+ Bc7 32. Qe6+ Kb8 33.
Qd7 Rd8 34. Qf5 d4 35. Bf4 Bxf4 36. Qxf4+ Ka7 37. Rc7 d3 38. Rxb7+ Kxb7 39. Qf3+ Kb6 40. Qf6+ Kc7 41. Qc3+ Kb7 42. Qd2 Kc6 43. g4 hxg4 44.
hxg4 Rd5 45. g5 Kc5 46. g6 Kc4 47. g7 Rd8 48. Qf4+ Kc3 49. Qf6+ 1-0

[Event "*** Titled Tuesday Blitz"]
[Site "Chess.com"]
[Date "2020.12.01"]
[Round "11"]
[White "Pelopidass"]
[Black "ChessQueen"]
[Result "0-1"]
[WhiteElo "2565"]
[BlackElo "2721"]
[TimeControl "180+1"]
[EndTime "12:06:17 PST"]
[Termination "ChessQueen won on time"]

1. e4 c6 2. Nc3 d5 3. d3 e5 4. Nf3 Nf6 5. Bg5 Bb4 6. Bxf6 Qxf6 7. Nd2 d4 8. Ne2 Qg6 9. c3 dxc3 10. bxc3 Be7 11. Nc4 Nd7 12. Ng3 b5 13. Ne3 Nc5 14. Nef5 h5 15. Nxe7 Kxe7 16. Qc1 h4 17. Nf5+ Bxf5 18.
exf5 Qd6 19. Qg5+ Kf8 20. Rd1 Qh6 21. Qg4 Qf4 22. Qxf4 exf4 23. Be2 Re8 24. Kd2 Re5 25. Bf3 Rh6 26. d4 Ne4+ 27. Bxe4 Rxe4 28. Rhe1 Rxe1 29. Rxe1 Rh5 30. Re5 Rg5 31. Ke2 Rxg2 32. Kf3 Rxh2 33. Rc5 Rh3+ 34. Kxf4 Rd3 35. Rxc6 b4 36. cxb4 Rxd4+ 37.
Ke5 Rxb4 38. Rc8+ Ke7 39. Rc7+ Kf8 40. Rc8+ Ke7 41. Rc7+ Ke8 42. Rxa7 Rb2 43. f3 h3 44.
a4 h2 45. Ra8+ Ke7 46. Rh8 Ra2 47. Rxh2 Rxh2 0-1

[Event "*** Titled Tuesday Blitz"]
[Site "Chess.com"]
[Date "2020.12.01"]
[Round "11"]
[White "Artyom_ChessMate"]
[Black "Oglob71"]
[Result "1-0"]
[WhiteElo "2581"]
[BlackElo "2445"]
[TimeControl "180+1"]
[EndTime "12:06:18 PST"]
[Termination "Artyom_ChessMate won by resignation"]

1. e4 c5 2. Nc3 a6 3. g3 b5 4. Bg2 Bb7 5. d3 e6 6. Nh3 Nf6 7. O-O b4 8. Ne2 d5 9. exd5 Bxd5 10. Nhf4 Bxg2 11. Nxg2 Nc6 12. Nef4 Be7 13. Be3 Rc8 14. Qf3 O-O 15. h4 Nd4 16. Qd1 a5 17. a3 Qb6 18.
axb4 axb4 19. Ne1 Qb7 20. Ne2 Nf5 21. Bd2 Rfd8 22. Nf4 Nd4 23. Ne2 Nf3+ 24. Nxf3 Qxf3 25. b3 Nd5 26. Nf4 Qxd1 27. Rfxd1 Bf6 28. Nxd5 exd5 29.
Ra5 Bd4 30. Be3 Bxe3 31. fxe3 Kf8 32. Kf2 Ke7 33. Ke2 Ke6 34. Rb5 Rd6 35. Ra1 Rc7 36.
Raa5 Rdc6 37. Kd2 f6 38. Rb8 c4 39. bxc4 dxc4 40. d4 Kf7 41. Rxb4 c3+ 42. Kd3 Re6 43. Rc5 Rce7 44. Rxc3 Rxe3+ 45. Kc4 Rxc3+ 46. Kxc3 Re3+ 47. Kc4 Rxg3 48. Rb7+ Ke6 49. Rb6+ Kd7 50. Kd5 Kc7 51.
Re6 h5 52. c4 Rg4 53. c5 Rxh4 54. Re7+ Kd8 55. Rxg7 Rh1 56. Kd6 Ke8 57. c6 Kf8 58. Rh7 Kg8 59. c7 Rc1 60. Rxh5 Kf7 61. Rc5 Rd1 62.
c8=Q Rxd4+ 63. Rd5 Re4 64. Qd7+ Kg6 65. Qf5+ Kf7 66.
Qxe4 1-0

[Event "*** Titled Tuesday Blitz"]
[Site "Chess.com"]
[Date "2020.12.01"]
[Round "11"]
[White "aleksey1203borisovi4"]
[Black "GelmanAlexander"]
[Result "1-0"]
[WhiteElo "2487"]
[BlackElo "2567"]
[TimeControl "180+1"]
[EndTime "12:06:20 PST"]
[Termination "aleksey1203borisovi4 won on time"]

1. g3 Nf6 2. Bg2 c5 3. Nf3 e6 4. O-O Be7 5. b3 O-O 6. Bb2 d6 7. d3 Nc6 8. Nbd2 Qc7 9. h3 b6 10. Kh2 Bb7 11. a3 a6 12. e3 b5 13. c4 Rab8 14.
Qc2 Ba8 15. Kg1 h6 16. Rfd1 Rfc8 17. Bc3 a5 18. cxb5 Rxb5 19. Rab1 d5 20. Rdc1 Qb8 21. Qa2 Nd7 22. e4 Bf6 23. Bxf6 Nxf6 24. Qc2 Ne5 25.
Nxe5 Qxe5 26. Re1 Qb8 27. exd5 exd5 28. Rbc1 Rb6 29. d4 c4 30. bxc4 dxc4 31. Bxa8 Qxa8 32. Nxc4 Rbc6 33. Qd3 Qa6 34. Ne5 Rxc1 35. Qxa6 Rxe1+ 36. Kg2 Rc2 37. Qa8+ Kh7 38. Nxf7 Ree2 39. Qh8+ Kg6 40.
Ne5+ Kf5 41. Nd3 Ke4 42. Qxg7 Nd5 43. Nc5+ Rxc5 44. dxc5 Ne3+ 45. Kg1 Re1+ 46. Kh2 1-0

[Event "*** Titled Tuesday Blitz"]
[Site "Chess.com"]
[Date "2020.12.01"]
[Round "11"]
[White "picturesquecheck"]
[Black "mapleaff"]
[Result "0-1"]
[WhiteElo "2181"]
[BlackElo "2411"]
[TimeControl "180+1"]
[EndTime "12:06:21 PST"]
[Termination "mapleaff won on time"]

1. e4 c5 2. Nf3 Nc6 3. d4 cxd4 4.
Nxd4 Nf6 5. Nc3 h5 6. Bg5 Qa5 7. Bxf6 gxf6 8. Be2 Rg8 9. g3 h4 10. Qd2 e6 11. Nb3 Qd8 12. O-O-O a5 13. a4 Bb4 14. Qe3 Ne5 15. Nb5 Ra6 16. gxh4 Rc6 17.
Rhg1 Rh8 18. h5 Bf8 19. Kb1 Nc4 20. Qd4 Nd6 21. f4 Nxb5 22. axb5 Rd6 23. Qa4 Rxd1+ 24. Rxd1 b6 25. f5 Bb7 26. h3 Qc7 27. Qd4 Be7 28.
Nd2 Kd8 29. Nc4 e5 30. Qxb6 Qxb6 31. Nxb6 Bxe4 32. Rxd7+ Ke8 33. Rd1 Bxf5 34. Bg4 Be6 35. Nd5 f5 36. Bf3 e4 37. Bh1 Bd8 38. Nf4 Bc7 39. Ne2 Rxh5 40. Nd4 Rxh3 41. Bg2 Rh2 42. Bf1 e3 43. Re1 f4 44. Bd3 Be5 45. Nf3 Rh5 46. b6 Bd5 0-1

[Event "*** Titled Tuesday Blitz"]
[Site "Chess.com"]
[Date "2020.12.01"]
[Round "11"]
[White "Zhigalko_Sergei"]
[Black "BogdanDeac"]
[Result "1-0"]
[WhiteElo "2891"]
[BlackElo "2958"]
[TimeControl "180+1"]
[EndTime "12:06:24 PST"]
[Termination "Zhigalko_Sergei won by resignation"]

1. e4 e5 2. Nf3 Nc6 3. Bc4 Nf6 4.
d3 Bc5 5. O-O d6 6. c3 a6 7. Bb3 O-O 8. Nbd2 Ba7 9. h3 Kh8 10.
Nc4 h6 11. Be3 b5 12. Ncd2 d5 13. Bxa7 Rxa7 14. Re1 dxe4 15. Nxe4 Nxe4 16. Rxe4 Bf5 17. Re3 f6 18. Nh4 Bh7 19. Qh5 Qe8 20. Qf3 Qd7 21. Qh5 Qe8 22. Qf3 a5 23. d4 Qd7 24. dxe5 a4 25. Bd5 Ne7 26. Rd1 Qe8 27. exf6 Rxf6 28. Qe2 c6 29. Bxc6 Qxc6 30. Rxe7 Ra8 31. Rdd7 Rg8 32. Nf3 Bf5 33. Ne5 Qb6 34. Rb7 Qd6 35. Nf7+ Rxf7 36. Rxf7 Be6 37. Rfe7 Bc4 38. Qe5 Qg6 39. Kh2 Bxa2 40. Rbd7 Bc4 41. Rd6 Qg5 42. Qxg5 hxg5 43. Re5 g6 44. Rxg5 Kh7 45. Rg4 Bb3 46.
Rh4+ Kg7 47. Rhd4 Bc4 48. Rd8 Rxd8 49. Rxd8 Kf6 50. Rd4 Ke5 51. f4+ Kf5 52. g4+ Ke6 53. Kg3 Kf6 54. h4 1-0

[Event "*** Titled Tuesday Blitz"]
[Site "Chess.com"]
[Date "2020.12.01"]
[Round "11"]
[White "zverr1"]
[Black "shnitez"]
[Result "0-1"]
[WhiteElo "2480"]
[BlackElo "2592"]
[TimeControl "180+1"]
[EndTime "12:06:24 PST"]
[Termination "shnitez won by checkmate"]

1. d4 Nf6 2. c4 e6 3. Nc3 Bb4 4.
Nf3 b6 5. Bd2 Bb7 6. e3 c5 7. a3 Ba5 8. b4 cxb4 9. Nb5 Qe7 10. Nc7+ Kf8 11. Nxa8 Bxa8 12. axb4 Bxb4 13. Rxa7 Be4 14.
Be2 Bd6 15. Qb3 Qd8 16. Bb4 Bxb4+ 17. Qxb4+ Kg8 18. Ne5 Bxg2 19. Rg1 Nc6 20. Nxc6 Bxc6 21. Qd6 g6 22. Bd1 Kg7 23. Ba4 Bxa4 24. Rxa4 Qc8 25.
Rb4 Qa6 26. Kf1 Qa1+ 27. Kg2 Qa3 28. Rxb6 Qd3 29. Qe5 Qxc4 30. Rd6 Ra8 31. h4 h5 32. Rxd7 Qc6+ 33. d5 Qxd7 34. dxe6 Qxe6 35. Qxe6 fxe6 36. Kf3 Ra2 37. Rb1 Ng4 38. Rb6 Rxf2+ 39. Kg3 Kf6 40. Rb4 Re2 41. Kf3 Rxe3+ 42. Kg2 Rc3 43. Rf4+ Ke5 44. Ra4 Kf5 45. Ra6 e5 46. Ra8 Kf4 47.
Rf8+ Ke4 48. Rg8 Ne3+ 49. Kg3 Nf5+ 50. Kh2 Nxh4 51. Rf8 Nf5 52. Kg2 g5 53. Rh8 h4 54.
Rh5 g4 55. Kh2 Rc2+ 56. Kh1 h3 57. Kg1 Rg2+ 58. Kh1 Ng3# 0-1